Description

This is a "Tier1" Build for all bloddy Begninners to learn the Basics on Eco. There is no follow up cause its only for learn some Eco and Standart BO.

This is not mine Build, i take this Build from:

Bonjwa Homepage

Bonjwa Twitch

VOD

https://www.youtube.com/watch?v=FD96ld2njZM&download=1

Replay - tier_1_protoss_-_1_base_warpgate_push

Build Order

Why is there no SALT encoding or Overwolf build?

  9  0:50  Pylon  
      Nexus (Chrono Boost)  @Pylon finishes
  12  1:37  Gateway  
  13  1:46  Nexus (Chrono Boost)  2. Chronoboost Nexus
  14  2:00  Assimilator, Scout  Send scouting Probe
  16  2:28  Pylon  
  17  2:47  Cybernetics Core  
      Warp Gate  @Cyernetics Core finishes
      Warp Gate (Chrono Boost)  @Warpgate Upgrade in Research
  22  3:42  Stalker  
      Action  @20 Probes, Stop producing Probes
  24  4:18  Gateway x3  
      Action  @1. Stalker finishes, Move out with Army Units
  24  4:30  Stalker x2  
      Warp Gate  @Warpgate Upgrade finishes
      Action  @Warpgates morphed, Start warping in Units and Attack
    4:40  Pylon  1. Proxy Pylon
    5:00  Pylon  2. Proxy Pylon
Spawning Tool Build Advisor. Get it on Overwolf

Go to:

Details

  • Created by: eddiethe3agle
  • Published on: Feb 24, 2020
  • Modified on: Feb 24, 2020
  • Patch: 4.11.0
  • Difficulty: Easy
Show

Export as new Build Order

Comments (0)

There are no comments. Be the first!

Create an account to comment!